[Event "Titled Tuesday Blitz November 22 Early 2022"]
[White "Kuznetsov, Mikhail"]
[Black "Nguyen Hong Nhung"]
[WhiteFideId "4117190"]
[BlackFideId "12412201"]
[WhiteElo "1981"]
[BlackElo "1904"]
[Result "1-0"]
[Round "11"]
[TimeControl "180+1"]
[Date "2022.11.23"]
[WhiteClock "0:00:18"]
[BlackClock "0:00:16"]

1. Nf3 f5 2. e4 fxe4 3. Ng5 Nf6 4. d3 h6 5. Nxe4 d5 6. Nxf6+ exf6 7. Qh5+ Ke7 8. Nc3 Be6 9. Bf4 Nc6 10. O-O-O Qd7 11. Re1 Kd8 12. Be2 Bb4 13. Nb5 Bxe1 14. Rxe1 Rc8 15. Bf3 a6 16. Nc3 Ne7 17. Ne2 g5 18. Nd4 Bf5 19. Bg3 Bg6 20. Rxe7 Qxe7 21. Qxg6 Re8 22. Nf5 Qe1+ 23. Bd1 Kd7 24. f4 Re2 25. Bxe1 Rxe1 26. Qf7+ Kd8 27. Qxf6+ Kd7 28. fxg5 hxg5 29. Kd2 Rce8 30. Bg4 1-0


[Site "https://www.chess.com"]

[Event "Titled Tuesday Blitz November 22 Early 2022"]
[White "Kvaloy, Aksel Bu"]
[Black "Kamsky, Gata"]
[WhiteFideId "1528815"]
[BlackFideId "2000024"]
[WhiteElo "2184"]
[BlackElo "2666"]
[Result "1/2-1/2"]
[Round "11"]
[TimeControl "180+1"]
[Date "2022.11.22"]
[WhiteClock "0:00:05"]
[BlackClock "0:00:07"]

1. e4 c6 2. d4 d5 3. e5 Bf5 4. Nd2 e6 5. Nb3 c5 6. Bb5+ Nc6 7. dxc5 Bxc5 8. a4 Bb4+ 9. c3 Ba5 10. Nd4 Ne7 11. Bg5 Qc7 12. Bxe7 Kxe7 13. Nxf5+ exf5 14. Qxd5 Qxe5+ 15. Qxe5+ Nxe5 16. Ne2 a6 17. f4 axb5 18. fxe5 Bb6 19. Nf4 Rhd8 20. Ke2 bxa4 21. Rhd1 Rxd1 22. Rxd1 Ke8 23. Nd5 Bd8 24. Rd4 Ra5 25. c4 Rc5 26. Kd3 b5 27. Nc3 bxc4+ 28. Rxc4 Rxe5 29. Nxa4 g5 30. Rc5 Re4 31. Nc3 Rb4 32. Rb5 Rh4 33. h3 g4 34. Rxf5 gxh3 35. gxh3 Rxh3+ 36. Kc4 Rh4+ 37. Kd3 h5 38. Nd5 Rh3+ 39. Kc4 h4 40. b4 Rg3 41. Rh5 Rg1 42. Rh8+ Kd7 43. b5 Rc1+ 44. Kd4 Rb1 45. b6 Bxb6+ 46. Nxb6+ Rxb6 47. Ke5 Rb4 48. Kf6 Rg4 49. Kxf7 Rf4+ 50. Kg6 Ke6 51. Kg5 Re4 52. Rxh4 Rxh4 53. Kxh4 1/2-1/2


[Site "https://www.chess.com"]

[Event "Titled Tuesday Blitz November 22 Early 2022"]
[White "Larina, Maria"]
[Black "Jiganchine, Roman"]
[WhiteFideId "24113182"]
[BlackFideId "2603667"]
[WhiteElo "1848"]
[BlackElo "2301"]
[Result "1-0"]
[Round "11"]
[TimeControl "180+1"]
[Date "2022.11.23"]
[WhiteClock "0:00:02"]
[BlackClock "0:00:01"]

1. e4 c6 2. d4 d5 3. f3 e6 4. Nc3 Bb4 5. Ne2 Nf6 6. e5 Nfd7 7. a3 Be7 8. f4 c5 9. Be3 Nc6 10. Qd2 O-O 11. dxc5 Nxc5 12. Nd4 Bd7 13. O-O-O Rc8 14. Kb1 a6 15. Nxc6 Bxc6 16. f5 Ne4 17. Nxe4 dxe4 18. Qe2 Qa5 19. f6 gxf6 20. Bh6 Kh8 21. Bxf8 Rxf8 22. exf6 Bxf6 23. Qd2 Qe5 24. c3 Bg5 25. Qe1 e3 26. h4 Bf4 27. Rh3 Rg8 28. Qe2 Be4+ 29. Ka1 Bf5 30. Rf3 Bg4 31. Rd4 Bxf3 32. Qxf3 Bh6 33. Bd3 Qg7 34. Qe4 f5 35. Qxe6 Rf8 36. Rd7 Qg6 37. Qe7 Qg7 38. Qd6 Qf6 39. Qc7 Bg7 40. Bxf5 Qxf5 41. Rxg7 e2 42. Re7 Qf1+ 43. Ka2 Qf5 44. Rxe2 Qd5+ 45. c4 Qf5 46. Re7 b5 47. cxb5 axb5 48. Qd7 Qd5+ 49. Qxd5 h5 50. Qe5+ Kg8 51. Qg7# 1-0


[Site "https://www.chess.com"]

[Event "Titled Tuesday Blitz November 22 Early 2022"]
[White "Lauridsen, Jesper Morch"]
[Black "Grabinsky, Vladimir"]
[WhiteFideId "1401890"]
[BlackFideId "14107074"]
[WhiteElo "2231"]
[BlackElo "2198"]
[Result "1-0"]
[Round "11"]
[TimeControl "180+1"]
[Date "2022.11.23"]
[WhiteClock "0:00:28"]
[BlackClock "0:00:03"]

1. e4 c5 2. Nf3 Nc6 3. b4 cxb4 4. d4 g6 5. d5 Bg7 6. c3 bxc3 7. dxc6 dxc6 8. Qc2 Nf6 9. Nxc3 Nxe4 10. Nxe4 Bxa1 11. Bh6 Bf5 12. Bd3 Qa5+ 13. Bd2 Qd5 14. O-O Bg7 15. Re1 Rd8 16. Bc4 Bxe4 17. Rxe4 Qf5 18. Ng5 O-O 19. g4 Qd7 20. Be3 b5 21. Bb3 e6 22. Bc5 Rfe8 23. Rf4 Qd2 24. Qxd2 Rxd2 25. Nxf7 a5 26. Nd6 Rf8 27. Bxe6+ Kh8 28. Nf7+ Rxf7 29. Rxf7 1-0


[Site "https://www.chess.com"]

[Event "Titled Tuesday Blitz November 22 Early 2022"]
[White "Lehtosaari, Mauri"]
[Black "Boraso, Alessio"]
[WhiteFideId "501999"]
[BlackFideId "848077"]
[WhiteElo "2503"]
[BlackElo "2286"]
[Result "1/2-1/2"]
[Round "11"]
[TimeControl "180+1"]
[Date "2022.11.23"]
[WhiteClock "0:00:17"]
[BlackClock "0:00:10"]

1. d4 Nf6 2. Nf3 g6 3. Bg5 Ne4 4. Bf4 c5 5. Nbd2 d5 6. e3 Bg7 7. c3 Bf5 8. Nxe4 Bxe4 9. Bxb8 Rxb8 10. Qa4+ Kf8 11. Qxa7 c4 12. Be2 h5 13. O-O h4 14. h3 Bf6 15. Ne5 Bxe5 16. dxe5 Qc7 17. Qd4 e6 18. f3 Bc2 19. a4 Kg7 20. e4 Rhd8 21. exd5 Rxd5 22. Qxc4 Qb6+ 23. Kh1 Rxe5 24. Bd3 Bxd3 25. Qxd3 Rd8 26. Qc2 Red5 27. Rad1 Qe3 28. Rfe1 Qf4 29. Rxd5 Rxd5 30. Qe2 Rd2 31. Qe5+ Qxe5 32. Rxe5 Rxb2 33. Re4 g5 34. Rb4 Rc2 35. c4 Kg6 36. a5 Rc1+ 37. Kh2 Kf5 38. Rxb7 f6 39. Rb4 Ra1 40. Rb5+ Kf4 41. c5 Ke5 42. c6+ Kd6 43. Rb6 Rxa5 44. c7+ Kxc7 45. Rxe6 Rf5 46. Kg1 Kd7 47. Ra6 Ke7 48. Kf2 Kf7 49. Ke3 Kg6 50. Ra8 Rb5 51. Ra2 Kf5 52. Rd2 Rb3+ 53. Kf2 Rb4 54. Rd5+ Kf4 55. Rd2 f5 56. Re2 Rc4 57. Ra2 Rb4 58. Re2 Rc4 59. Rd2 Ra4 60. Re2 g4 61. fxg4 fxg4 62. hxg4 Kxg4 63. Rd2 Rf4+ 64. Kg1 Kg3 65. Rd3+ Kg4 66. Kh2 Rc4 67. Re3 Rd4 68. Rc3 Rb4 69. Rd3 Ra4 70. Rc3 Rf4 71. Rd3 Ra4 72. Rc3 Rf4 73. Ra3 Rb4 74. Rc3 Rf4 1/2-1/2


[Site "https://www.chess.com"]

[Event "Titled Tuesday Blitz November 22 Early 2022"]
[White "Makhmudov, Shukhrat"]
[Black "Cramling Bellon, Anna"]
[WhiteFideId "14200775"]
[BlackFideId "32009232"]
[WhiteElo "2135"]
[BlackElo "1972"]
[Result "1-0"]
[Round "11"]
[TimeControl "180+1"]
[Date "2022.11.23"]
[WhiteClock "0:00:07"]
[BlackClock "0:00:01"]

1. e4 c5 2. Nf3 e6 3. c3 Nf6 4. e5 Nd5 5. d3 Nc6 6. Nbd2 d6 7. d4 cxd4 8. cxd4 dxe5 9. dxe5 Bc5 10. Ne4 Bb4+ 11. Bd2 O-O 12. a3 Bxd2+ 13. Qxd2 Qc7 14. Rc1 Qb8 15. Qg5 h6 16. Qg3 Kh8 17. Bb5 Nce7 18. O-O Nf5 19. Qg4 a6 20. Bd3 Bd7 21. Nc5 Bb5 22. Bxb5 axb5 23. Nd7 Qd8 24. Nxf8 Qxf8 25. Nd4 Nxd4 26. Qxd4 b4 27. axb4 Nxb4 28. Rc7 Nc6 29. Qd6 Rd8 30. Qxf8+ Rxf8 31. f4 Na5 32. Rf3 b6 33. Rd3 Kg8 34. Rdd7 Nb3 35. Rd3 Nc5 36. Rd6 Ra8 37. h3 Ne4 38. Rxb6 Ra1+ 39. Kh2 Nd2 40. g4 Nf1+ 41. Kg2 Ne3+ 42. Kf3 Nf1 43. Rb8+ Kh7 44. Rxf7 Nd2+ 45. Ke3 Nc4+ 46. Kd4 Nd2 47. Rbb7 Nf3+ 48. Ke3 Nh4 49. Rxg7+ Kh8 50. Rgc7 Re1+ 51. Kf2 Rd1 52. Rc8+ 1-0


[Site "https://www.chess.com"]

[Event "Titled Tuesday Blitz November 22 Early 2022"]
[White "Manon-og, Ramon Jr."]
[Black "Sreyas Payyappat"]
[WhiteFideId "5200776"]
[BlackFideId "46674969"]
[WhiteElo "2317"]
[BlackElo "2083"]
[Result "1-0"]
[Round "11"]
[TimeControl "180+1"]
[Date "2022.11.23"]
[WhiteClock "0:00:54"]
[BlackClock "0:00:59"]

1. e4 c6 2. d4 d5 3. e5 Bf5 4. Nd2 e6 5. Nb3 c5 6. Nf3 Nc6 7. dxc5 Bxc5 8. Nxc5 Qa5+ 9. c3 Qxc5 10. Be2 Nge7 11. O-O Ng6 12. Be3 Qe7 13. Bd4 O-O 14. Qd2 f6 15. exf6 gxf6 16. Be3 Rad8 17. Bh6 Rfe8 18. h3 e5 19. Rfe1 d4 20. cxd4 Nxd4 21. Nxd4 Rxd4 22. Qc3 Rc8 23. Qf3 Be4 24. Qg3 Qb4 25. Bg4 f5 26. Bh5 f4 27. Qg4 Re8 28. Rxe4 Rxe4 29. Bxg6 Re1+ 30. Rxe1 Qxe1+ 31. Kh2 Re7 32. Bh5+ Kh8 33. Qc8+ Re8 34. Qxe8# 1-0


[Site "https://www.chess.com"]

[Event "Titled Tuesday Blitz November 22 Early 2022"]
[White "Martin, Lewis"]
[Black "Gjestemoen-VonHirsch, Andre"]
[WhiteFideId "410551"]
[BlackFideId "1539531"]
[WhiteElo "2145"]
[BlackElo "2198"]
[Result "0-1"]
[Round "11"]
[TimeControl "180+1"]
[Date "2022.11.23"]
[WhiteClock "0:00:15"]
[BlackClock "0:00:23"]

1. e4 g6 2. Nf3 Bg7 3. d4 c5 4. dxc5 Qa5+ 5. c3 Qxc5 6. Be3 Qc7 7. Bb5 Nc6 8. O-O Nf6 9. Nbd2 O-O 10. h3 a6 11. Ba4 b5 12. Bb3 d6 13. Re1 Bb7 14. Ng5 Na5 15. Bc2 Nc4 16. Nxc4 bxc4 17. h4 h6 18. Nh3 Bxe4 19. Bxe4 Nxe4 20. Bd4 f5 21. Nf4 e5 22. Ne6 Qf7 23. Nxf8 exd4 24. f3 Nc5 25. cxd4 Nd3 26. Re2 Bxd4+ 27. Kh2 Rxf8 28. Rb1 Qf6 29. g3 f4 30. b3 fxg3+ 31. Kh3 Nf2+ 32. Rxf2 gxf2 33. Qe2 Qxf3+ 34. Qxf3 Rxf3+ 35. Kg2 f1=Q+ 36. Rxf1 Rxf1 37. Kxf1 cxb3 38. axb3 Bc5 39. Ke2 Bb4 40. Kd3 a5 41. Kc4 Kf7 42. Kd5 Kf6 43. Ke4 g5 44. h5 Ke6 45. Kd4 Kf5 46. Kd5 Kg4 0-1


[Site "https://www.chess.com"]

[Event "Titled Tuesday Blitz November 22 Early 2022"]
[White "Matinian, Nikita"]
[Black "Shuvalov, Evgenij"]
[WhiteFideId "24129100"]
[BlackFideId "4187237"]
[WhiteElo "2422"]
[BlackElo "2049"]
[Result "1-0"]
[Round "11"]
[TimeControl "180+1"]
[Date "2022.11.23"]
[WhiteClock "0:00:05"]
[BlackClock "0:00:01"]

1. e4 e6 2. d4 d5 3. Nc3 Bb4 4. e5 c5 5. a3 Bxc3+ 6. bxc3 Ne7 7. h4 Qc7 8. h5 h6 9. Nf3 b6 10. Bb5+ Bd7 11. a4 Bxb5 12. axb5 a5 13. bxa6 Rxa6 14. Rb1 Nd7 15. O-O O-O 16. Nh4 Ra2 17. Qg4 Kh7 18. Be3 Rxc2 19. f4 Rxc3 20. Rbe1 Rc4 21. f5 Qxe5 22. Bf2 Qf6 23. fxe6 fxe6 24. Rxe6 Rxd4 25. Qh3 Qf7 26. Ree1 Re4 27. Rxe4 dxe4 28. Qxd7 Nf5 29. Qxf7 Rxf7 30. Ng6 Ne7 31. Nxe7 Rxe7 32. Rd1 Re5 33. Rd6 Rxh5 34. Rxb6 Re5 35. Rc6 e3 36. Bg3 Rg5 37. Bf4 e2 38. Re6 Rf5 39. g3 g5 40. Re7+ Kg6 41. Bd2 Rf1+ 42. Kg2 Rd1 43. Rxe2 Kf5 44. Be3 h5 45. Rc2 Rd5 46. Bxc5 h4 47. gxh4 gxh4 48. Bf2 Kg4 49. Rc4+ Kf5 50. Rxh4 Rd3 51. Rh5+ Kg4 52. Rh8 Kf4 53. Re8 Kg4 54. Be3 Rb3 55. Kf1 Rb2 56. Bf2 Kf3 57. Rf8+ Ke4 58. Kg2 Rc2 59. Kg3 Rc3+ 60. Kg4 Rc2 61. Re8+ Kd3 62. Kf3 Rc3 63. Rd8+ Kc4+ 64. Ke4 1-0


[Site "https://www.chess.com"]

[Event "Titled Tuesday Blitz November 22 Early 2022"]
[White "Matveeva, Olga"]
[Black "Kulkarni, Vikramaditya"]
[WhiteFideId "24107018"]
[BlackFideId "5009847"]
[WhiteElo "2055"]
[BlackElo "2273"]
[Result "0-1"]
[Round "11"]
[TimeControl "180+1"]
[Date "2022.11.23"]
[WhiteClock "0:00:07"]
[BlackClock "0:00:24"]

1. d4 d6 2. Nf3 Bg4 3. c4 c6 4. Nc3 Nf6 5. e3 Nbd7 6. Be2 g6 7. h3 Bxf3 8. Bxf3 Bg7 9. O-O O-O 10. b3 e5 11. dxe5 dxe5 12. Bb2 Nc5 13. Be2 Qc7 14. Qc2 a5 15. Ba3 Nfd7 16. Rad1 Rfd8 17. Rd2 Ne6 18. Bd6 Qb6 19. Na4 Qa7 20. Be7 b6 21. Bxd8 Rxd8 22. Rfd1 Bf6 23. Bg4 Ndc5 24. Nxc5 Rxd2 25. Qxd2 Nxc5 26. Qd6 Qe7 27. Qxc6 h5 28. Be2 Bh4 29. Qxb6 Ne4 30. g3 Qg5 31. Bf1 Qf5 32. f4 exf4 33. exf4 Bxg3 34. Qb8+ Kh7 35. Bg2 Qc5+ 36. Kh1 Nf2+ 0-1


[Site "https://www.chess.com"]

[Event "Titled Tuesday Blitz November 22 Early 2022"]
[White "Mohammed, Zozek Salah Mohammed"]
[Black "Ravot, Sylvain"]
[WhiteFideId "4803361"]
[BlackFideId "627763"]
[WhiteElo "2199"]
[BlackElo "2195"]
[Result "1-0"]
[Round "11"]
[TimeControl "180+1"]
[Date "2022.11.23"]
[WhiteClock "0:01:51"]
[BlackClock "0:00:03"]

1. d4 Nf6 2. Nf3 d5 3. g3 b6 4. Bg2 Bb7 5. O-O Nbd7 6. Ne5 Nxe5 7. dxe5 Ne4 8. e6 f5 9. c4 dxc4 10. Qa4+ c6 11. Qxc4 Qd5 12. Qxd5 cxd5 13. Nc3 O-O-O 14. Bf4 Bc6 15. Rac1 Kb7 16. b4 a6 17. a4 b5 18. axb5 axb5 19. Rfd1 Nf6 20. Be5 Rg8 21. e3 g6 22. Ne2 Bg7 23. Nd4 Rc8 24. Bxf6 Bxf6 25. Nxc6 Rxc6 26. Bxd5 Rc8 27. Rxc6 Rxc6 28. Rc1 1-0


[Site "https://www.chess.com"]

[Event "Titled Tuesday Blitz November 22 Early 2022"]
[White "Mrudul Dehankar"]
[Black "Malyi, Viacheslav"]
[WhiteFideId "25096990"]
[BlackFideId "14123983"]
[WhiteElo "2068"]
[BlackElo "2291"]
[Result "1-0"]
[Round "11"]
[TimeControl "180+1"]
[Date "2022.11.23"]
[WhiteClock "0:00:12"]
[BlackClock "0:00:23"]

1. e4 e5 2. Nf3 Nc6 3. Bb5 a6 4. Ba4 Nf6 5. O-O b5 6. Bb3 Bc5 7. c3 d6 8. d4 Bb6 9. a4 Rb8 10. a5 Ba7 11. h3 O-O 12. Be3 Ra8 13. Nbd2 Re8 14. d5 Ne7 15. Bxa7 Rxa7 16. c4 b4 17. Qc2 Rf8 18. c5 Nd7 19. c6 Nc5 20. Bc4 Ra8 21. Nb3 Nxb3 22. Qxb3 Rb8 23. Nd2 f5 24. f3 Ng6 25. Rf2 Qg5 26. Raf1 Nf4 27. Kh1 h5 28. exf5 Bxf5 29. Ne4 Qh4 30. g3 Qe7 31. gxf4 Bxh3 32. Rg1 Rxf4 33. Rh2 Rh4 34. Ng5 Rf8 35. Nxh3 e4 36. Qe3 Qe5 37. Qg5 Rf5 38. Qxh4 exf3 39. Nf2 Rf4 40. Qd8+ Kh7 41. Bd3+ Rf5 42. Rxh5# 1-0


[Site "https://www.chess.com"]

[Event "Titled Tuesday Blitz November 22 Early 2022"]
[White "Muminova, Nafisa"]
[Black "Ibadov, Dashgyn"]
[WhiteFideId "14201526"]
[BlackFideId "24107514"]
[WhiteElo "2258"]
[BlackElo "2208"]
[Result "1-0"]
[Round "11"]
[TimeControl "180+1"]
[Date "2022.11.23"]
[WhiteClock "0:01:03"]
[BlackClock "0:01:45"]

1. e4 e6 2. d4 d5 3. e5 c5 4. c3 Qb6 5. Nf3 Nc6 6. a3 Nh6 7. b4 cxd4 8. cxd4 Nf5 9. Be3 f6 10. exf6 gxf6 11. Bd3 Nxe3 12. fxe3 Bh6 13. Qe2 Bd7 14. Nc3 Ne7 15. O-O O-O-O 16. e4 Kb8 17. Kh1 Qd6 18. e5 fxe5 19. Nxe5 Be8 20. Nb5 Qb6 21. Nf7 Bxf7 22. Qe5+ Ka8 23. Nc7+ Kb8 24. Nb5+ Ka8 25. Rxf7 Rd7 26. Qxh8+ 1-0


[Site "https://www.chess.com"]

[Event "Titled Tuesday Blitz November 22 Early 2022"]
[White "Nanditha, V"]
[Black "Sadubayev, Airat"]
[WhiteFideId "46626697"]
[BlackFideId "13713264"]
[WhiteElo "1564"]
[BlackElo "2160"]
[Result "1-0"]
[Round "11"]
[TimeControl "180+1"]
[Date "2022.11.23"]
[WhiteClock "0:00:14"]
[BlackClock "0:00:02"]

1. e4 c6 2. Nf3 d5 3. exd5 cxd5 4. Ne5 Nc6 5. Bb5 Qc7 6. d4 a6 7. Bxc6+ bxc6 8. O-O Nf6 9. Bf4 Qb7 10. b3 e6 11. Nc3 Be7 12. Ne2 O-O 13. Nc1 c5 14. c3 Ne4 15. Qf3 Qb6 16. Qd3 cxd4 17. cxd4 Bb4 18. f3 Bc3 19. Rb1 Bxd4+ 20. Kh1 Nf2+ 21. Rxf2 Bxf2 22. Ng4 Bc5 23. b4 Be7 24. Nb3 Qb5 25. Qd2 Bxb4 26. Qd1 a5 27. Nd4 Qc4 28. Rc1 Qxa2 29. Nc6 Bd7 30. Nce5 Ba4 31. Qg1 Rac8 32. Ra1 Qb3 33. Rb1 Qc2 34. Ne3 Qc3 35. Ra1 Bb5 36. Nd1 Qc5 37. Be3 Qc4 38. Nxc4 dxc4 39. Rc1 c3 40. Bd4 c2 41. Ne3 Bd2 42. Rxc2 Rxc2 43. Nxc2 Rc8 44. Qd1 Bh6 45. Ne3 a4 46. h4 a3 47. Kh2 a2 48. Ba1 Bxe3 49. Qb3 Bf4+ 50. g3 Bd6 51. Qxb5 Rc2+ 52. Kh3 h6 53. Qd3 Rc1 54. Bb2 Rb1 55. Qd2 Kh8 56. Qxh6+ Kg8 57. Qxg7# 1-0


[Site "https://www.chess.com"]

[Event "Titled Tuesday Blitz November 22 Early 2022"]
[White "Narayanan, Srinath"]
[Black "Jumabayev, Rinat"]
[WhiteFideId "5018420"]
[BlackFideId "13702661"]
[WhiteElo "2459"]
[BlackElo "2561"]
[Result "0-1"]
[Round "11"]
[TimeControl "180+1"]
[Date "2022.11.22"]
[WhiteClock "0:00:03"]
[BlackClock "0:01:11"]

1. Nf3 c6 2. d4 d5 3. c4 Nf6 4. cxd5 cxd5 5. Nc3 Nc6 6. Bf4 a6 7. e3 Bg4 8. Bd3 e6 9. Qb3 Bxf3 10. gxf3 Na5 11. Qa4+ Nd7 12. Rc1 Nc6 13. a3 Be7 14. Ne2 Rc8 15. Kf1 O-O 16. h4 Qb6 17. b4 e5 18. dxe5 Ndxe5 19. Bf5 Rcd8 20. h5 Nxf3 21. Qc2 h6 22. Rh3 Ng5 23. Rg3 d4 24. Rd1 Bf6 25. exd4 Nxd4 26. Nxd4 Rxd4 27. Rxd4 Qxd4 28. Be3 Qd5 29. Kg1 Re8 30. Bd3 Nf3+ 31. Kf1 Qxh5 32. Kg2 Ne1+ 0-1


[Site "https://www.chess.com"]

[Event "Titled Tuesday Blitz November 22 Early 2022"]
[White "Nugumanov, Bakhtiyar"]
[Black "Begunov, Konstantin"]
[WhiteFideId "13701797"]
[BlackFideId "4118510"]
[WhiteElo "2287"]
[BlackElo "2140"]
[Result "1-0"]
[Round "11"]
[TimeControl "180+1"]
[Date "2022.11.23"]
[WhiteClock "0:00:24"]
[BlackClock "0:00:01"]

1. Nf3 d5 2. g3 c6 3. c4 Nf6 4. Bg2 Bf5 5. O-O e6 6. cxd5 exd5 7. d3 Bc5 8. Qb3 Qb6 9. Qc2 O-O 10. Nc3 Bb4 11. a3 Bxc3 12. Qxc3 Re8 13. Be3 Qc7 14. Nh4 Bg4 15. Rfe1 Nbd7 16. Bf4 Qb6 17. e4 dxe4 18. dxe4 Be6 19. b4 a5 20. Be3 Qd8 21. Nf5 axb4 22. axb4 Bxf5 23. exf5 Rxa1 24. Qxa1 Nb6 25. Rd1 Nbd5 26. b5 Qc8 27. bxc6 bxc6 28. Bc5 Qxf5 29. Qa4 Qe6 30. h3 Ne4 31. Re1 f5 32. f3 Nxc5 33. Rxe6 Nxa4 34. Rxe8+ Kf7 35. Rc8 Ne7 36. Ra8 Nb6 37. Ra6 Nbd5 38. f4 Ke6 39. Kf2 Kd6 40. g4 1-0


[Site "https://www.chess.com"]

[Event "Titled Tuesday Blitz November 22 Early 2022"]
[White "Odegov, Artem"]
[Black "Ilkhomi, Jaloliddin"]
[WhiteFideId "34183644"]
[BlackFideId "14700948"]
[WhiteElo "2298"]
[BlackElo "2045"]
[Result "1/2-1/2"]
[Round "11"]
[TimeControl "180+1"]
[Date "2022.11.23"]
[WhiteClock "0:00:10"]
[BlackClock "0:00:07"]

1. d4 Nf6 2. c4 e6 3. Nf3 Bb4+ 4. Bd2 a5 5. g3 b6 6. Bg2 Bb7 7. O-O O-O 8. Nc3 Ne4 9. Qc2 f5 10. Ne5 Bxc3 11. bxc3 d6 12. Nd3 Nd7 13. Rae1 Nxd2 14. Qxd2 Bxg2 15. Kxg2 Qf6 16. f4 e5 17. fxe5 dxe5 18. e4 exd4 19. e5 Qc6+ 20. Kg1 Qxc4 21. e6 dxc3 22. Qe3 Nf6 23. Ne5 Qxe6 24. Qxc3 Ne4 25. Qb2 Rad8 26. Nf3 Qd5 27. Rd1 Qc5+ 28. Kg2 Qc3 29. Qb1 Nd2 30. Nxd2 Rxd2+ 31. Rxd2 Qxd2+ 32. Kg1 Qd4+ 33. Rf2 g6 34. Qb3+ Kg7 35. Kg2 Qe4+ 36. Kg1 Rd8 37. h4 Qd4 38. Qe6 Qd1+ 39. Kh2 Qd6 40. Qb3 Qd5 41. Qc3+ Qd4 42. Qxc7+ Rd7 43. Qc2 h5 44. Re2 f4 45. Qb3 fxg3+ 46. Qxg3 Rf7 47. Rg2 Qe4 48. Qd6 Qf4+ 49. Qxf4 Rxf4 50. Kh3 Ra4 51. Rb2 Ra3+ 52. Kh2 b5 53. Rxb5 Rxa2+ 54. Kg3 a4 55. Kf4 Kh6 56. Rb8 Ra1 57. Rh8+ Kg7 58. Ra8 Rf1+ 59. Kg3 Ra1 60. Ra7+ Kh6 61. Ra8 a3 62. Rh8+ Kg7 63. Ra8 a2 64. Kg2 Kf6 65. Ra6+ Ke5 66. Ra5+ Kd4 67. Ra8 Ke3 68. Ra6 Kf4 69. Ra5 Ke3 70. Ra6 Kd2 71. Ra8 Kd3 72. Rd8+ Ke4 73. Re8+ Kf5 74. Ra8 g5 75. Ra5+ Kg6 76. Rxg5+ Kf6 77. Ra5 Ke6 78. Ra8 Kd6 79. Ra7 Ke5 80. Ra8 Kd4 81. Ra6 Kd3 82. Ra8 Kc4 83. Rc8+ Kb5 84. Rb8+ Ka4 85. Ra8+ Kb3 86. Rb8+ Kc2 87. Rc8+ Kd1 88. Rd8+ Ke2 89. Re8+ Kd3 90. Ra8 Rc1 91. Rxa2 Rc4 92. Kg3 Ke3 93. Ra3+ Ke4 94. Rf3 Ke5 95. Ra3 Rc5 96. Rf3 Rc4 97. Rf2 Rc3+ 98. Kg2 Rc4 99. Kh3 Ke4 100. Rf6 Rc3+ 101. Kg2 Rc5 102. Kg3 Rf5 103. Re6+ Re5 104. Rg6 Rd5 105. Ra6 Kf5 106. Ra4 Rd3+ 107. Kg2 Rc3 108. Kf2 Rb3 109. Kg2 Rc3 110. Rb4 Re3 111. Rc4 Rb3 112. Ra4 Rc3 1/2-1/2


[Site "https://www.chess.com"]

[Event "Titled Tuesday Blitz November 22 Early 2022"]
[White "Ostrovskiy, Aleksandr"]
[Black "Skliarov, Viktor"]
[WhiteFideId "2034239"]
[BlackFideId "14106736"]
[WhiteElo "2340"]
[BlackElo "2284"]
[Result "1-0"]
[Round "11"]
[TimeControl "180+1"]
[Date "2022.11.23"]
[WhiteClock "0:00:06"]
[BlackClock "0:00:02"]

1. d4 Nf6 2. Bf4 g6 3. Nc3 Bg7 4. e4 d6 5. Qd2 O-O 6. O-O-O a6 7. Bh6 Nbd7 8. h4 c5 9. dxc5 Nxc5 10. Bxg7 Kxg7 11. e5 Ng4 12. h5 Bf5 13. f3 Nxe5 14. g4 Be6 15. hxg6 fxg6 16. Ne4 Nxe4 17. Qh6+ Kf7 18. Qxh7+ Ke8 19. fxe4 Qa5 20. a3 Rc8 21. Ne2 Bb3 22. Nd4 Bxc2 23. Nxc2 Rxc2+ 24. Kxc2 Qa4+ 25. Kc1 Rf2 26. Rd2 Qc6+ 27. Kd1 Qa4+ 28. Ke1 Rxd2 29. Kxd2 Qd4+ 30. Kc1 Qe3+ 31. Kb1 Qxe4+ 32. Ka1 Kd7 33. Qh2 Qe1+ 34. Ka2 Qe4 35. Qg2 Qd4 36. Rh3 b5 37. Qb7+ Ke6 38. Qg2 Kd7 39. g5 b4 40. Qb7+ Ke6 41. Qxb4 Qd1 42. Qb3+ Qxb3+ 43. Kxb3 1-0


[Site "https://www.chess.com"]

[Event "Titled Tuesday Blitz November 22 Early 2022"]
[White "Pajeken, Jakob Leon"]
[Black "Khamdamova, Afruza"]
[WhiteFideId "12942839"]
[BlackFideId "14210444"]
[WhiteElo "2429"]
[BlackElo "2018"]
[Result "0-1"]
[Round "11"]
[TimeControl "180+1"]
[Date "2022.11.23"]
[WhiteClock "0:01:16"]
[BlackClock "0:00:14"]

1. d4 Nf6 2. Nf3 d5 3. c4 e6 4. Nc3 Be7 5. g3 O-O 6. Bg2 dxc4 7. Ne5 c5 8. dxc5 Bxc5 9. O-O Nbd7 10. Nxc4 Nb6 11. Na5 Qe7 12. Bg5 Rb8 13. Qc2 Bb4 14. Nb3 h6 15. Bxf6 Qxf6 16. Ne4 Qe7 17. a3 Bd6 18. Nxd6 Qxd6 19. Rfd1 Qe7 20. Rac1 Bd7 21. Nc5 Rfc8 22. Qd2 Bc6 23. e4 Rd8 24. Qe3 Rxd1+ 25. Rxd1 Nc4 26. Qd4 Nxb2 27. Nxe6 Qxe6 28. Qxb2 Re8 29. Qd4 b6 30. Rc1 Qg6 31. Re1 Qe6 32. h4 Qe7 33. Rc1 Rd8 34. Qc3 Bb5 35. e5 Rd3 36. Qc8+ Rd8 37. Qf5 Bd7 38. Qf4 Be6 39. Rc3 a5 40. Kh2 b5 41. Qc1 b4 42. axb4 axb4 43. Rc7 Qe8 44. Be4 b3 45. Qc3 Qa4 46. Rb7 Qxe4 0-1


[Site "https://www.chess.com"]

[Event "Titled Tuesday Blitz November 22 Early 2022"]
[White "Palacio,Igor Da Paz"]
[Black "Johnson, Ben"]
[WhiteFideId "2121140"]
[BlackFideId "2010917"]
[WhiteElo "2126"]
[BlackElo "2147"]
[Result "0-1"]
[Round "11"]
[TimeControl "180+1"]
[Date "2022.11.23"]
[WhiteClock "0:00:05"]
[BlackClock "0:00:20"]

1. e4 c5 2. Nc3 Nc6 3. d3 g6 4. g3 Bg7 5. Bg2 Rb8 6. f4 b5 7. a3 a5 8. Rb1 b4 9. axb4 axb4 10. Nce2 d6 11. Nf3 Nf6 12. O-O O-O 13. h3 Ne8 14. Be3 Nc7 15. Qd2 Nb5 16. Kh2 Ncd4 17. Nexd4 Nxd4 18. c3 Nc6 19. d4 cxd4 20. cxd4 Na5 21. b3 Ba6 22. Rfc1 Qd7 23. Ra1 Nxb3 24. Qb2 Nxa1 25. Rxa1 Bd3 26. e5 d5 27. Nd2 e6 28. Qb3 Be2 29. Ra5 Rfc8 30. Nb1 Bc4 31. Qb2 Bd3 32. Rc5 Bf8 33. Rxc8 Qxc8 34. Nd2 Qc3 35. Qb3 Qxb3 36. Nxb3 Bc2 37. Nc5 Bxc5 38. dxc5 b3 39. Bd4 b2 40. Bxb2 Rxb2 41. c6 Be4 42. c7 Rxg2+ 43. Kh1 Rc2+ 44. Kg1 Rxc7 0-1


[Site "https://www.chess.com"]

[Event "Titled Tuesday Blitz November 22 Early 2022"]
[White "Papasimakopoulos, Alexandros"]
[Black "Erdogdu, Mert"]
[WhiteFideId "4244125"]
[BlackFideId "6301495"]
[WhiteElo "2365"]
[BlackElo "2413"]
[Result "1-0"]
[Round "11"]
[TimeControl "180+1"]
[Date "2022.11.22"]
[WhiteClock "0:01:20"]
[BlackClock "0:00:19"]

1. d4 d5 2. c4 e6 3. Nc3 c5 4. cxd5 exd5 5. Nf3 Nc6 6. Bg5 Be7 7. Bxe7 Ngxe7 8. e3 c4 9. b3 Qa5 10. Rc1 b5 11. bxc4 bxc4 12. Be2 O-O 13. O-O Rb8 14. Ne5 Bf5 15. Bf3 Rfd8 16. Nxc6 Nxc6 17. Re1 Bd3 18. h3 Rb2 19. Be2 Nb4 20. Bf3 h6 21. Qa4 Rxa2 22. Qxa5 Rxa5 23. Ra1 Rxa1 24. Rxa1 Rd7 25. Ra5 a6 26. Bxd5 Nxd5 27. Nxd5 Rb7 28. Rxa6 Rb1+ 29. Kh2 Rb2 30. Kg3 Be4 31. Nc3 Bd3 32. Rc6 Rc2 33. Nd5 Be4 34. Rc8+ Kh7 35. Rc5 Rc1 36. f3 Bd3 37. Rc7 Rc2 38. e4 Bf1 39. Ne3 Rc1 40. Nxf1 Rxf1 41. Rxf7 Rd1 42. d5 c3 43. Rc7 Rd3 44. Kf4 Kg8 45. h4 Kf8 46. h5 Ke8 47. Ke5 Kd8 48. d6 1-0


[Site "https://www.chess.com"]